 Dungeon Crawl Stone Soup version 0.21.0-25-ge575cb9 (webtiles) character file.

62 posiden28 the Cudgeler (level 3, -5/33 HPs)
             Began as a Minotaur Berserker on Jan 25, 2018.
             Was a Believer of Trog.
             Killed by divine providence
             ... invoked by an orc priest
              (16 damage)
             ... on level 3 of the Dungeon.
             The game lasted 00:02:33 (1270 turns).

posiden28 the Cudgeler (Minotaur Berserker)         Turns: 1270, Time: 00:02:34

Health: -5/33      AC:  2    Str: 22    XL:     3   Next: 85%
Magic:  2/2        EV: 12    Int:  4    God:    Trog [**....]
Gold:   106        SH:  0    Dex:  9    Spells: 2/2 levels left

rFire    . . .     SeeInvis .   a - +0 mace
rCold    . . .     Gourm    .   (no shield)
rNeg     . . .     Faith    .   b - +0 animal skin
rPois    .         Spirit   .   (helmet restricted)
rElec    .         Reflect  .   (no cloak)
rCorr    .         Harm     .   (no gloves)
MR       .....                  (no boots)
Stlth    +.........             (no amulet)
HPRegen  0.11/turn              (no ring)
MPRegen  0.08/turn              (no ring)

@: no status effects
A: retaliatory headbutt, horns 2
a: Berserk, Trog's Hand, Burn Spellbooks, Renounce Religion


You were on level 3 of the Dungeon.
You worshipped Trog.
Trog was pleased with you.
You were not hungry.

You visited 1 branch of the dungeon, and saw 3 of its levels.

You collected 106 gold pieces.

Inventory:

Hand Weapons
 a - a +0 mace (weapon)
Armour
 b - a +0 animal skin (worn)
Scrolls
 e - 2 scrolls of magic mapping {unknown}
 f - 2 scrolls of identify {unknown}
 g - a scroll of fog {unknown}
 k - a scroll of blinking {unknown}
 m - a scroll of teleportation {unknown}
Potions
 d - a potion of mutation {unknown}
 h - a potion of brilliance {unknown}
 i - a potion of heal wounds {unknown}
 j - a potion of lignification {unknown}
 l - a potion of degeneration {unknown}
 o - a potion of might {unknown}
Comestibles
 c - a ration
 n - 3 chunks of flesh


   Skills:
 + Level 4.2 Fighting
 + Level 5.1 Maces & Flails
 + Level 2.5 Armour
 + Level 2.5 Dodging


You had 2 spell levels left.
You didn't know any spells.

Dungeon Overview and Level Annotations

Branches:
Dungeon (2/15)

Altars:
Gozag


Innate Abilities, Weirdness & Mutations

You reflexively headbutt those who attack you in melee.
You have a pair of horns on your head.


Message History

The orc closely misses you.
You closely miss the orc.
The orc is almost dead.
You sock the orc!
You kill the orc!
Trog accepts your kill.
You hit the orc.
You kill the orc!
Trog accepts your kill.
You barely miss the orc priest.
The orc priest hits you with a flail. x2
You closely miss the orc priest.
The orc priest hits you with a flail. x2
You hit the orc priest. You headbutt the orc priest.
The orc priest is moderately wounded.
The orc priest hits you with a flail! The orc priest closely misses you.
You are too injured to fight recklessly!
You are too injured to fight recklessly!
You closely miss the orc priest.
The orc priest mumbles some strange prayers to Beogh against you.
Beogh smites you!
You die...

#.........
##.####.### #.#
#.# ###.####.#
#.)...##.#
..#####.###.#
.# #..oo..o#
...
#.o####o###.###
#@o...# ####.##
#


You could see 2 orc priests and an orc.

Vanquished Creatures
  2 adders
  3 dart slugs (D:1)
  2 leopard geckos
  2 orcs (D:3)
  6 bats
  3 goblins
  5 hobgoblins
  A ball python (D:1)
  2 frilled lizards
  3 kobolds (D:1)
  6 rats (D:1)
35 creatures vanquished.

Notes
Turn   | Place    | Note
-------+----------+-------------------------------------------
     0 | D:1      | posiden28 the Minotaur Berserker began the quest for the Orb.
     0 | D:1      | Reached XP level 1. HP: 19/19 MP: 0/0
   121 | D:1      | Reached skill level 4 in Maces & Flails
   121 | D:1      | Reached XP level 2. HP: 24/27 MP: 1/1
   728 | D:1      | Reached XP level 3. HP: 31/33 MP: 2/2
   757 | D:1      | Reached ** piety under Trog
  1084 | D:1      | You fall through a shaft!
  1108 | D:2      | Found an opulent altar of Gozag.
  1217 | D:2      | You fall through a shaft!
  1230 | D:3      | Reached skill level 5 in Maces & Flails
  1270 | D:3      | Killed from afar by an orc priest

Skill      XL: |  1  2  3 |
---------------+----------+-----
Maces & Flails | 4 5 |  5.1
Fighting       | 4 |  4.2
Armour         | |  2.5
Dodging        | |  2.5

Action                   || total
-------------------------++-------
Melee: Mace              ||    66
       Headbutt          ||    12
  Eat: Chunk             ||     1
Armor: Animal skin       ||    17
Dodge: Dodged            ||    37
